 Dungeon Crawl Stone Soup version 0.27.0-1-g7a089689b8 (webtiles) character file.

Game seed: 15084702919014069337

47 Spaninq the Insei (level 3, -1/27 HPs)
             Began as a Demonspawn Transmuter on Aug 8, 2021.
             Was a Believer of Lugonu.
             Succumbed to a scorpion's poison
             ... on level 3 of the Dungeon.
             The game lasted 00:04:46 (2865 turns).

Spaninq the Insei (Demonspawn Transmuter)           Turns: 2865, Time: 00:04:46

Health: -1/27      AC:  2    Str: 10    XL:     3   Next: 48%
Magic:  6/6        EV: 12    Int: 19    God:    Lugonu [**....]
Gold:   142        SH:  0    Dex: 13    Spells: 3/6 levels left

rFire    . . .     SeeInvis .     - Unarmed
rCold    . . .     Faith    .   (no shield)
rNeg     . . .     Spirit   .   a - +0 robe
rPois    .         Reflect  .   (helmet currently unavailable)
rElec    .         Harm     .   (no cloak)
rCorr    .         Rampage  .   (no gloves)
Will     .....                  (boots currently unavailable)
Stlth    +.........             d - amulet of the acrobat
HPRegen  0.09/turn              (no ring)
MPRegen  0.10/turn              (no ring)

@: mighty, lethally poisoned (-1 -> -10), appendages
A: horns 2, talons 2, big brain 2
a: End Transformation, Renounce Religion, Depart the Abyss, Bend Space


You were on level 3 of the Dungeon.
You worshipped Lugonu.
Lugonu was pleased with you.
You had temporarily grown beastly horns and talons.
You visited 1 branch of the dungeon, and saw 3 of its levels.

You collected 142 gold pieces.

Inventory:

Armour
 a - a +0 robe (worn)
 e - a +0 helmet (melded)
Jewellery
 d - an amulet of the acrobat (around neck)
Potions
 b - a potion of mutation {unknown}
 c - a potion of resistance
 g - a potion of heal wounds {unknown}


   Skills:
 + Level 1.6 Fighting
 + Level 2.2 Dodging
 * Level 3.2 Unarmed Combat
 + Level 2.3 Spellcasting
 + Level 2.0 Transmutations


You had 3 spell levels left.
You knew the following spells:

 Your Spells              Type           Power      Damage    Failure   Level
a - Beastly Appendage     Tmut           20%        N/A       7%          1
b - Wereblood             Tmut           10%        N/A       11%         2

Your spell library contained the following spells:

 Spells                   Type           Power      Damage    Failure   Level
 Spider Form              Tmut/Pois      3%         N/A       32%         3
 Ice Form                 Ice/Tmut       6%         N/A       71%         4


Dungeon Overview and Level Annotations

Branches:
Dungeon (3/15)

Altars:
Lugonu


Innate Abilities, Weirdness & Mutations

You have temporarily grown beastly horns and talons.
You have an extremely huge brain. (Int +4)


Message History

You hit the scorpion. Your kick misses the scorpion.
Your headbutt misses the scorpion.
The scorpion is lightly wounded.
The scorpion stings you.
You are poisoned.
The scorpion poisons you!
You barely miss the scorpion. You headbutt the scorpion.
The scorpion is moderately wounded.
You feel very sick. The scorpion closely misses you.
You hit the scorpion.
The scorpion is heavily wounded.
You feel sick.
The scorpion stings you but does no damage.
You hit the scorpion but do no damage. Your headbutt misses the scorpion.
The scorpion is heavily wounded.
You feel sick. The scorpion barely misses you.
You hit the scorpion. You claw the scorpion.
The scorpion is severely wounded.
You feel sick. The scorpion stings you.
You are lethally poisoned!
The scorpion poisons you! The scorpion closely misses you.
You hit the scorpion but do no damage.
The scorpion is severely wounded.
You feel very sick. The scorpion misses you.
You hit the scorpion. You claw the scorpion.
The scorpion is almost dead.
You feel very sick. The scorpion stings you.
* * * LOW HITPOINT WARNING * * *
You closely miss the scorpion.
The scorpion is almost dead.
* * * LOW HITPOINT WARNING * * *
You feel very sick. The scorpion stings you.
* * * LOW HITPOINT WARNING * * *
It was a potion of might.
You feel very mighty all of a sudden.
You die...

######.# #.# ...<...#
#.##.##.# ######.#
.##.##.# # #... #.##.# #
#.### ##.##.#
#.#####...#.# #### #..
........###.# ...# #.#
#....s....#
##.###.#####..##@#
.................####
.................|..#
###################......
#####


You could see a scorpion.

Vanquished Creatures
  An adder (D:2)
  2 endoplasms (D:1)
  6 goblins
  2 hobgoblins (D:2)
  5 jackals (D:2)
  A quokka (D:2)
  4 ball pythons (D:2)
  6 bats
  2 frilled lizards
  5 kobolds
  5 rats
39 creatures vanquished.

Notes
Turn   | Place    | Note
-------+----------+-------------------------------------------
     0 | D:1      | Spaninq the Demonspawn Transmuter began the quest for the
                  | Orb.
     0 | D:1      | Reached XP level 1. HP: 15/15 MP: 3/3
   208 | D:1      | Found a faded altar of an unknown god.
   215 | D:1      | Became a worshipper of Lugonu the Unformed
   215 | D:1      | Reached * piety under Lugonu
   215 | D:1      | Reached ** piety under Lugonu
   736 | D:1      | Gained mutation: You have an unusually large brain. (Int
                  | +2) [demonic ancestry]
   736 | D:1      | Reached XP level 2. HP: 21/21 MP: 3/5
  1253 | D:2      | Reached skill level 3 in Unarmed Combat
  1411 | D:1      | Learned a level 2 spell: Wereblood
  1811 | D:2      | Gained mutation: You have an extremely huge brain. (Int +4)
                  | [demonic ancestry]
  1811 | D:2      | Reached XP level 3. HP: 26/26 MP: 4/6
  2850 | D:3      | Noticed a scorpion
  2864 | D:3      | HP: 1/27 [scorpion (2)]
  2865 | D:3      | Succumbed to a scorpion's poison

Illustrated notes

Levels and vault maps discovered:
D:1:      scummos_arrival_simple_crosswalls, layout_basic, serial_forest,
          infiniplex_forest_straight_2, infiniplex_forest_lined_ring,
          infiniplex_forest_clump_tiny, infiniplex_forest_lined_room_2,
          infiniplex_forest_straight_2, infiniplex_forest_lined_room_3,
          infiniplex_forest_clump_diagonal, infiniplex_forest_zigzag_1,
          dreamdust_ecumenical_altar_statues
D:2:      layout_basic, corexii_hall_statues_t
D:3:      layout_loops_ring, portal_sewer_entry_e, uniq_jessica, uniq_sigmund,
          uniq_terence

Skill      XL: |  1  2 |
---------------+-------+-----
Unarmed Combat | 3 |  3.2
Dodging        | 2 |  2.2
Transmutations | 2 |  2.0
Fighting       | |  1.6
Spellcasting   | |  2.3

Action                   || total
-------------------------++-------
Melee: Unarmed           ||   102
       Kick              ||    23
       Headbutt          ||     6
 Cast: Beastly Appendage ||    26
       Wereblood         ||     3
  Use: Potion            ||     3
       Scroll            ||     1
Armor: Robe              ||    30
Dodge: Dodged            ||    78
